 Dungeon Crawl Stone Soup version 0.19.1-1-g22dce08 (webtiles) character file.

567 M4edhros the Poker (level 7, -2/49 HPs)
             Began as an Octopode Chaos Knight on Dec 30, 2016.
             Slain by a worker ant (7 damage)
             ... on level 5 of the Dungeon.
             The game lasted 00:04:21 (2837 turns).

M4edhros the Poker (Octopode Chaos Knight)          Turns: 2837, Time: 00:04:22

Health: -2/49      AC:  1    Str: 11    XL:     7   Next: 33%
Magic:  7/7        EV: 21    Int: 12    God:    Xom [....*.]
Gold:   306        SH:  0    Dex: 16    Spells: 0 memorised, 6 levels left

rFire  . . .     SeeInvis .     a - +0 spear (chaos)
rCold  . . .     Gourm    .     (no shield)
rNeg   . . .     Faith    .     z - +0 hat
rPois  .         Spirit   .     f - amulet of regeneration
rElec  .         Reflect  .     i - ring of protection from magic
rCorr  .         Harm     .     k - ring of teleportation (curse)
MR     +++..     Rnd*Tele +     u - ring of the Middle {MR++ Int-3 Dex-2} (curse)
Stlth  +++.......               (no ring)
                                (no ring)
                                (no ring)
                                (no ring)
                                (no ring)

@: agile, lethally poisoned (-2 -> -2)
A: almost no armour, stealthy swim, amphibious, 8 rings, constrict 8, camouflage
1, gelatinous body 1
a: Renounce Religion


You were on level 5 of the Dungeon.
You worshipped Xom.
You were a beloved toy of Xom.
You were very hungry.

You visited 1 branch of the dungeon, and saw 5 of its levels.

You collected 306 gold pieces.

Inventory:

Hand Weapons
 a - a +0 spear of chaos (weapon)
Armour
 z - a +0 hat (worn)
Jewellery
 f - an amulet of regeneration (around mantle)
 i - a ring of protection from magic (left tentacle)
 k - a cursed ring of teleportation (right tentacle)
 u - the cursed ring of the Middle (on tentacle) {MR++ Int-3 Dex-2}
   (You found it on level 4 of the Dungeon)

   [ring of intelligence]

   It affects your intelligence (-3).
   It affects your dexterity (-2).
   It affects your resistance to hostile enchantments.
   It has a curse placed upon it.
Wands
 s - a wand of digging (16/24)
 v - a wand of random effects (21/48)
 y - a wand of teleportation (2/9)
Scrolls
 c - a scroll of amnesia {unknown}
 d - 2 scrolls of enchant weapon {unknown}
 e - 3 scrolls of identify {unknown}
 g - a scroll of fog {unknown}
 h - 2 scrolls of teleportation {unknown}
 j - a scroll of enchant armour {unknown}
 m - 4 scrolls of remove curse {unknown}
 o - 2 scrolls of immolation {unknown}
 q - a scroll of blinking {unknown}
 r - a scroll of random uselessness {unknown}
Potions
 l - 2 potions of flight {unknown}
 n - a potion of brilliance {unknown}
 w - a potion of might {unknown}
 x - a potion of heal wounds {unknown}
Comestibles
 b - 3 bread rations
 A - 2 chunks of flesh
 B - a beef jerky


   Skills:
 + Level 4.8 Fighting
 + Level 6.0 Polearms
 + Level 4.6 Dodging


You had 6 spell levels left.
You didn't know any spells.

Dungeon Overview and Level Annotations

Branches:
Dungeon (5/15)
 Temple: D:4-7

Altars:
Ashenzari
Gozag
Vehumet

Annotations:
D:3 Azzok's ghost, weakling GrEE


Innate Abilities, Weirdness & Mutations

You cannot wear most types of armour.
You are very stealthy in the water. (Stealth+)
You are amphibious.
You can wear up to eight rings at the same time.
You can use your tentacles to constrict eight enemies at once.
Your skin changes colour to match your surroundings (Stealth+).
Your rubbery body absorbs attacks. (AC +1, EV +1)


Message History

Something poisons you!
You barely miss something.
* * * LOW HITPOINT WARNING * * *
You feel sick. Something bites you but does no damage.
You feel better. Something bites you.
You hit something but do no damage.
Nothing appears to happen.
Something barely misses you. x2
You hit something but do no damage. Your squeeze misses something.
Something bites you!
* * * LOW HITPOINT WARNING * * *
You miss something. You squeeze something. Something bites you.
* * * LOW HITPOINT WARNING * * *
Something bites you!
* * * LOW HITPOINT WARNING * * *
You are poisoned.
Something poisons you!
Okay, then.
You feel agile all of a sudden.
You feel sick. Something bites you!
You die...

#..........## #
#..........# #.####
#..........##
...(.###
#............
#.....#
#.......#####
#.....#########.####
#...............#
#...............#
###.##.@........#
#.............#
####...).....##
#.........#
#.........#
#.........#
###########


There were no monsters in sight!

Vanquished Creatures
  An ogre (D:5)
  A bullfrog (D:5)
  A scorpion (D:3)
  A crimson imp (D:5)
  A howler monkey (D:5)
  A hound (D:3)
  An orc wizard (D:3)
  2 orc priests
  A hound skeleton (D:5)
  6 adders
  2 oozes (D:4)
  An adder skeleton (D:5)
  5 worms
  2 dart slugs (D:2)
  4 leopard geckos
  9 orcs
  2 giant cockroaches
  6 goblins
  11 hobgoblins
  8 jackals
  3 kobolds
  4 quokkas
  4 ball pythons
  4 bats
  2 frilled lizards
  A leopard gecko zombie (D:5)
  7 rats
91 creatures vanquished.

Vanquished Creatures (collateral kills)
  A frilled lizard (D:1)
1 creature vanquished.

Grand Total: 92 creatures vanquished

Notes
Turn   | Place    | Note
-------+----------+-------------------------------------------
     0 | D:1      | M4edhros the Octopode Chaos Knight began the quest for the Orb.
     0 | D:1      | Reached XP level 1. HP: 16/16 MP: 1/1
    70 | D:1      | Found a shattered altar of Ashenzari.
   167 | D:1      | Reached XP level 2. HP: 17/21 MP: 2/2
   419 | D:1      | XOM: silly message
   450 | D:1      | XOM: harmless Air miscast
   544 | D:2      | XOM: mild Tmut miscast
   574 | D:2      | XOM: confuse monster(s)
   580 | D:2      | Reached skill level 4 in Polearms
   584 | D:2      | Reached XP level 3. HP: 19/26 MP: 3/3
   831 | D:2      | Reached XP level 4. HP: 31/31 MP: 4/4
  1779 | D:3      | Found an opulent altar of Gozag.
  1802 | D:3      | Noticed Azzok's ghost (weakling GrEE)
  1807 | D:3      | XOM: enchant monster (bad)
  1817 | D:3      | XOM: smoke on damage
  1818 | D:3      | Reached XP level 5. HP: 11/37 MP: 5/5
  1831 | D:3      | XOM: divination: detect creatures
  1856 | D:3      | XOM: summons friendly white imp
  1923 | D:3      | XOM: divination: detect creatures
  1931 | D:3      | Reached skill level 5 in Polearms
  1994 | D:3      | XOM: divination: detect creatures
  2102 | D:3      | XOM: potion effect (might)
  2106 | D:3      | Reached XP level 6. HP: 42/43 MP: 6/6
  2349 | D:4      | XOM: 1-stop teleportation journey
  2436 | D:4      | Got a pitted tin ring
  2475 | D:4      | Noticed a phantom
  2479 | D:4      | Identified the cursed ring of the Middle {MR++ Int-3 Dex-2} (You found it on level 4 of the Dungeon)
  2506 | D:4      | XOM: potion effect (haste)
  2513 | D:4      | Found a radiant altar of Vehumet.
  2591 | D:4      | XOM: cleaving
  2596 | D:5      | Entered Level 5 of the Dungeon
  2669 | D:5      | XOM: divination: detect creatures
  2674 | D:5      | Reached XP level 7. HP: 49/49 MP: 7/7
  2711 | D:5      | XOM: harmless Air miscast
  2729 | D:5      | XOM: harmless Air miscast
  2750 | D:5      | XOM: 5-stop teleportation journey
  2811 | D:5      | Reached skill level 6 in Polearms
  2837 | D:5      | Slain by a worker ant

Skill      XL: |  1  2  3  4  5  6  7 |
---------------+----------------------+-----
Polearms       | 4 5 6 |  6.0
Dodging        | 3 4 |  4.6
Fighting       | 4 |  4.8

Action                   |  1- 3 |  4- 6 |  7- 9 || total
-------------------------+-------+-------+-------++-------
Melee: Spear             |    73 |   165 |    41 ||   279
       Constrict         |    13 |    25 |     7 ||    45
       Tentacles         |    10 |    15 |     5 ||    30
  Use: Potion            |       |     4 |     2 ||     6
 Stab: Sleeping          |     4 |     7 |       ||    11
       Confused          |     1 |     1 |       ||     2
       Paralysed         |       |     2 |       ||     2
  Eat: Chunk             |       |     5 |       ||     5
Armor: Skin              |     3 |     6 |     3 ||    12
Dodge: Dodged            |    22 |    76 |    17 ||   115
